 Dungeon Crawl Stone Soup version 0.27.1-3-gb3d3a73c9e (webtiles) character file.

Game seed: 5409495749673858042

104900 TheGamechu the Severer (level 16, -9/150 HPs)
             Began as a Hill Orc Fighter on Oct 21, 2021.
             Was a High Priest of Beogh.
             Mangled by a naga warrior (13 damage)
             ... on level 1 of the Snake Pit on Oct 28, 2021.
             The game lasted 01:30:12 (30275 turns).

TheGamechu the Severer (Hill Orc Fighter)          Turns: 30275, Time: 01:30:12

Health: -9/150     AC: 25    Str: 21    XL:     16   Next: 40%
Magic:  0/22       EV:  4    Int:  8    God:    Beogh [*****.]
Gold:   290        SH: 23    Dex: 15    Spells: 11/15 levels left

rFire    + . .     SeeInvis .   j - +6 broad axe (protect)
rCold    + + +     Faith    .   S - +3 tower shield {rC+}
rNeg     . . .     Spirit   +   U - +3 plate armour {Will+}
rPois    +         Reflect  .   (no helmet)
rElec    +         Harm     .   (no cloak)
rCorr    +         Rampage  .   P - +0 pair of gloves
Will     ++...                  R - +2 pair of boots
Stlth    ..........             N - amulet of guardian spirit
HPRegen  0.35/turn              n - +4 ring of protection
MPRegen  0.18/turn              C - ring of protection from cold

@: resistant, slowed, very slow
A: walk on water
a: Renounce Religion, Smiting, Recall Orcish Followers, Give Item to Named
Follower


You were on level 1 of the Snake Pit.
You worshipped Beogh.
Beogh was extremely pleased with you.
You visited 5 branches of the dungeon, and saw 22 of its levels.
You also visited: Sewer, Ice Cave and Volcano.

You collected 1390 gold pieces.
You spent 1100 gold pieces at shops.

Inventory:

Hand Weapons
 j - a +6 broad axe of protection (weapon)
Missiles
 d - 42 boomerangs
 f - 573 stones
 g - 107 poisoned darts
 H - 5 curare-tipped darts
 K - 12 javelins (quivered)
Armour
 c - a +1 kite shield
 P - a +0 pair of gloves (worn)
 R - a +2 pair of boots (worn)
 S - a +3 tower shield of cold resistance (worn)
 U - a +3 plate armour of willpower (worn)
Jewellery
 n - a +4 ring of protection (left hand)
 C - a ring of protection from cold (right hand)
 G - a ring of willpower
 N - an amulet of guardian spirit (around neck)
 Q - a ring of willpower
Wands
 b - a wand of iceblast (17)
 s - a wand of flame (79)
 B - a wand of polymorph (7)
 D - a wand of digging (21)
 J - a wand of charming (9)
Scrolls
 i - 4 scrolls of teleportation
 k - a scroll of holy word
 l - a scroll of blinking
 v - 2 scrolls of fog
 E - 4 scrolls of amnesia
 F - 4 scrolls of magic mapping
 M - a scroll of silence
Potions
 e - 2 potions of invisibility
 h - a potion of experience
 m - 2 potions of cancellation
 o - 2 potions of resistance
 p - 3 potions of lignification
 q - 8 potions of flight
 r - 3 potions of haste
 t - a potion of berserk rage {unknown}
 A - 2 potions of might
 I - a potion of ambrosia
Miscellaneous
 T - a lightning rod (4/4)


   Skills:
 + Level 15.6 Fighting
 + Level 16.3 Axes
 + Level 9.9 Throwing
 - Level 7.9 Armour
 + Level 14.6 Shields
 - Level 8.0 Invocations
 - Level 6.0 Evocations


You had 11 spell levels left.
You knew the following spells:

 Your Spells              Type           Power      Damage    Failure   Level
a - Animate Armour        Summ/Erth      0%         N/A       100%        4

Your spell library contained the following spells:

 Spells                   Type           Power      Damage    Failure   Level
 Animate Skeleton         Necr           0%         N/A       100%        1
 Apportation              Tloc           0%         N/A       100%        1
 Pain                     Necr           0%         1d4       100%        1
 Static Discharge         Conj/Air       0%         N/A       100%        2
 Stone Arrow              Conj/Erth      0%         3d7       100%        3
 Tukima's Dance           Hex            0%         N/A       100%        3
 Vampiric Draining        Necr           0%         2d6       100%        3
 Dispel Undead            Necr           0%         3d6       100%        4
 Passage of Golubria      Tloc           N/A        N/A       100%        4
 Sticky Flame             Conj/Fire      0%         2d3       100%        4
 Agony                    Necr           0%         N/A       100%        5
 Alistair's Intoxication  Tmut/Pois      0%         N/A       100%        5
 Borgnjor's Vile Clutch   Necr/Erth      0%         N/A       100%        5
 Excruciating Wounds      Necr           0%         N/A       100%        5
 Summon Forest            Summ/Tloc      0%         N/A       100%        5
 Summon Mana Viper        Hex/Summ       0%         N/A       100%        5
 Yara's Violent Unravell  Hex/Tmut       0%         3d3       100%        5
 Eringya's Noxious Bog    Tmut/Pois      0%         N/A       100%        6
 Invisibility             Hex            0%         N/A       100%        6
 Shadow Creatures         Summ           N/A        N/A       100%        6
 Lehudib's Crystal Spear  Conj/Erth      0%         10d2      100%        8


Dungeon Overview and Level Annotations

Branches:
Dungeon (12/15)            Temple (1/1) D:5            Lair (6/6) D:10
 Shoals (0/4) Lair:3        Snake (1/4) Lair:4        Slime (0/5) Lair:5
    Orc (2/2) D:12          Sewer (visited)           IceCv (visited)
Volcano (visited)
    Elf: Orc:2

Altars:
Ashenzari
Cheibriados
Dithmenos
Elyvilon
Fedhas
Gozag
Hepliaklqana
Kikubaaqudgha
Makhleb
Nemelex Xobeh
Okawaru
Qazlal
Ru
Sif Muna
Trog
Uskayaw
Vehumet
Wu Jian
Xom
Yredelemnul
Zin
The Shining One
Jiyva
Lugonu

Shops:
D:3 =   D:4 *   D:7 (   D:8 *   D:12 [   Orc:1 !

Portals:
Abyss: Lair:6
Trove: D:11 (give ring "Ihimotz")


Message History

You barely miss the black mamba. You block the black mamba's attack. x2
You slice the black mamba!!
Your weapon exudes an aura of protection.
The black mamba is heavily wounded.
You block the black mamba's attack. The naga warrior spits poison at you.
The splash of poison misses you. You block the black mamba's attack.
You closely miss the black mamba.
The black mamba is heavily wounded.
You block the black mamba's attack. You block the naga warrior's attack.
The black mamba bites you.
* * * LOW HITPOINT WARNING * * *
You closely miss the black mamba.
The black mamba is heavily wounded.
The black mamba bites you.
* * * LOW HITPOINT WARNING * * *
You block the naga warrior's attack.
You miss the black mamba.
The black mamba is heavily wounded.
You block the black mamba's attack.
The naga warrior hits you from afar with a +0 halberd!
* * * LOW HITPOINT WARNING * * *
The black mamba bites you but does no damage.
You slice the black mamba!!
Your weapon exudes an aura of protection.
You kill the black mamba!
Beogh accepts your kill. The naga warrior spits poison at you.
The splash of poison hits you.
You have difficulty breathing.
* * * LOW HITPOINT WARNING * * *
You feel yourself slow down.
* * * LOW HITPOINT WARNING * * *
You feel more experienced!
You have reached level 16!
You block the naga warrior's attack. x2
Okay, then.
As you read the scroll of fog, it crumbles to dust.
The scroll dissolves into smoke.
The naga warrior hits you from afar with a +0 halberd!
You die...

#. ..######## #####
.........# ##....#
P...P....####....#
..P.P.P...#......
≈..........# .!..
.P...P.P...###§#
.≈..≈.P..P.N§§§####
..≈PP.≈≈P..#§@§§..#
♣.≈...≈≈N..#§§§§..#
♣♣.P≈.≈PP#######.#
♣.≈P..P^..........
♣.P.........# ...
.....P.PP.....# ...
..P.P..≈...P..##### .##
.(P....PP.≈.......## ..#
≈≈.P≈≈P.P.##..#....#..[..


You could see a naga warrior (curare, catching breath).

Vanquished Creatures
  Kirke (Lair:4)
  The ghost of TheGamechu the Grappler, a journeyman TrFi of Hepliaklqana (Lair:4)
  4 hydras
  Fannar (Lair:3)
  A boulder beetle (D:11)
  4 two-headed ogres
  2 thrashing horrors (Lair:6)
  5 death yaks
  A shock serpent (Snake:1)
  Sonja (D:10)
  A wizard (Volcano)
  An orc knight (Orc:1)
  A phantasmal warrior (D:12)
  2 deep elf pyromancers
  An orc sorcerer (Orc:1)
  14 elephants
  A salamander (Volcano)
  6 cyclopes
  Maurice (D:10)
  A merfolk siren (Lair:3)
  6 black mambas
  An ice statue (IceCv)
  2 unseen horrors
  2 gargoyles (Volcano)
  9 cane toads
  9 komodo dragons
  A rime drake (Lair:6)
  3 polar bears
  2 trolls
  A hornet (Lair:3)
  2 merfolk (Lair:3)
  16 blink frogs
  5 slime creatures (D:12)
  A ynoxinul (Lair:6)
  Sigmund (D:5)
  2 shadows
  4 water elementals (D:12)
  3 wyverns
  A chaos spawn (Lair:6)
  2 wraiths (D:12)
  A spriggan (Lair:3)
  51 yaks
  6 basilisks
  7 small abominations (Lair:6)
  4 hogs (Lair:4)
  3 wargs
  A vampire mosquito (D:12)
  2 nagas (Snake:1)
  An acid dragon (D:10)
  Edmund (Temple)
  15 water moccasins
  7 orc warriors
  2 black bears
  A sky beast (D:7)
  5 ogres
  3 centaurs
  A necrophage (D:7)
  47 wolves
  A phantom (D:6)
  3 kobold brigands
  10 bullfrogs
  A gnoll sergeant (D:8)
  A wyvern zombie (D:7)
  3 scorpions
  A wyvern skeleton (D:6)
  A water moccasin skeleton (D:6)
  5 wights
  21 killer bees
  8 howler monkeys
  An electric eel (Lair:3)
  5 centaur zombies
  2 orc priests (D:8)
  A jelly (D:7)
  2 hounds
  2 iguanas
  4 orc wizards
  10 hell rats
  3 killer bee zombies
  2 hound skeletons (D:4)
  A howler monkey zombie (D:7)
  4 gnolls (D:8)
  12 adders
  12 river rats
  3 shadow imps
  11 white imps (Orc:1)
  An ufetubus (D:6)
  3 worms
  5 dart slugs
  23 orcs
  20 ball pythons
  6 bats
  6 endoplasms
  3 giant cockroaches (D:1)
  7 goblins
  4 hobgoblins
  13 quokkas
  A frilled lizard (D:3)
  7 kobolds
  29 rats
539 creatures vanquished.

Vanquished Creatures (collateral kills)
  An orc warlord (Orc:1)
  Snorg (D:12)
  A hydra (D:12)
  A death knight (D:12)
  A thrashing horror (Lair:6)
  Urug (D:12)
  4 ugly things
  2 elephants (Lair:6)
  A smoke demon (Lair:6)
  3 black mambas
  Psyche (D:12)
  4 cane toads
  2 ancient zymes (Lair:6)
  2 freezing wraiths (D:12)
  A polar bear (IceCv)
  7 blink frogs
  2 large abominations (Lair:6)
  2 ynoxinuls (Lair:6)
  2 yaks (Lair:5)
  A tarantella (shapeshifter) (Lair:6)
  A vampire mosquito (D:12)
  4 basilisks (Lair:6)
  2 water moccasins (Lair:4)
  An orc warrior (Orc:1)
  5 wolves
  5 small abominations (Lair:6)
  An orc priest (Orc:1)
  A white imp (Orc:1)
  2 orcs
62 creatures vanquished.

Vanquished Creatures (others)
  3 orc knights
  An orc warrior (Orc:1)
  5 orc priests
  2 orc wizards (IceCv)
  3 killer bees (D:8)
  12 orcs
  41 fungi
  110 plants
177 creatures vanquished.

Grand Total: 778 creatures vanquished

Notes
Turn   | Place    | Note
-------+----------+-------------------------------------------
     0 | D:1      | TheGamechu the Hill Orc Fighter began the quest for the
                  | Orb.
     0 | D:1      | Reached XP level 1. HP: 19/19 MP: 1/1
    81 | D:1      | Reached skill level 3 in Axes
    81 | D:1      | Reached XP level 2. HP: 27/27 MP: 2/2
   517 | D:1      | Reached XP level 3. HP: 33/33 MP: 3/3
  1527 | D:2      | Found a faded altar of an unknown god.
  2087 | D:3      | Found Benn's Jewellery Boutique.
  2181 | D:3      | Reached XP level 4. HP: 40/40 MP: 4/4
  2328 | D:3      | Found a stormy altar of Qazlal.
  2346 | D:3      | Found a sparkling altar of Nemelex Xobeh.
  2939 | D:4      | Reached skill level 4 in Axes
  2939 | D:4      | Reached XP level 5. HP: 44/47 MP: 5/5
  3054 | D:4      | Found a burning altar of Makhleb.
  3095 | D:4      | Found Syrel's Assorted Antiques.
  3139 | D:4      | Reached skill level 5 in Armour
  3563 | D:4      | Found a white marble altar of Elyvilon.
  3706 | D:5      | Entered Level 5 of the Dungeon
  3746 | D:5      | Reached XP level 6. HP: 55/55 MP: 6/6
  3767 | D:5      | Found a staircase to the Ecumenical Temple.
  3816 | D:5      | Found a bloodstained altar of Trog.
  3939 | D:5      | Found a glowing drain.
  3954 | Sewer    | Entered a sewer
  4201 | Sewer    | Reached skill level 5 in Fighting
  4201 | Sewer    | Reached skill level 5 in Axes
  4201 | Sewer    | Reached XP level 7. HP: 50/61 MP: 7/7
  4208 | Sewer    | Learned a level 4 spell: Animate Armour
  4648 | D:5      | Found an ornate altar of the Wu Jian Council.
  4854 | D:5      | Noticed Edmund
  4855 | D:5      | Noticed Sigmund
  4899 | Temple   | Entered the Ecumenical Temple
  5392 | Temple   | Killed Edmund
  5393 | Temple   | Reached skill level 5 in Shields
  5498 | D:5      | Killed Sigmund
  5499 | D:5      | Reached skill level 6 in Axes
  5700 | D:5      | Reached XP level 8. HP: 64/70 MP: 8/8
  5861 | D:6      | Reached skill level 7 in Axes
  6510 | D:6      | Reached skill level 8 in Axes
  6595 | D:6      | Reached skill level 9 in Axes
  6612 | D:6      | Reached XP level 9. HP: 36/79 MP: 9/9
  7364 | D:7      | Reached skill level 10 in Axes
  7602 | D:7      | Found Hixutzi's Weapon Boutique.
  8084 | D:7      | Reached skill level 11 in Axes
  8654 | D:8      | Became a worshipper of Beogh the Brigand
  9017 | D:8      | Reached XP level 10. HP: 84/90 MP: 10/10
  9076 | D:8      | Found Teviczu's Elemental Accessories.
  9574 | D:8      | Noticed a two-headed ogre
  9581 | D:8      | Killed a two-headed ogre
  9582 | D:8      | Reached skill level 12 in Axes
  9798 | D:8      | Reached * piety under Beogh
 10082 | D:9      | Found a hazy altar of Hepliaklqana.
 10153 | D:9      | Reached skill level 1 in Invocations
 10600 | D:9      | Noticed a two-headed ogre
 10612 | D:9      | Killed a two-headed ogre
 10613 | D:9      | Reached skill level 13 in Axes
 10613 | D:9      | Reached skill level 1 in Throwing
 10772 | D:9      | Noticed a two-headed ogre
 11114 | D:9      | Killed a two-headed ogre
 11317 | D:9      | Found a shimmering altar of Xom.
 11420 | D:10     | Entered Level 10 of the Dungeon
 11435 | D:10     | You fall into a shaft and drop 2 floors!
 11435 | D:12     | Noticed a cyclops
 11447 | D:12     | Killed a cyclops
 11448 | D:12     | Reached skill level 10 in Fighting
 11461 | D:12     | Found a staircase to the Orcish Mines.
 11461 | D:12     | Noticed a cyclops
 11492 | D:11     | Reached XP level 11. HP: 96/99 MP: 11/11
 11838 | D:10     | Found a radiant altar of Vehumet.
 11841 | D:10     | Found a glowing silver altar of Zin.
 11845 | D:10     | Found an ancient bone altar of Kikubaaqudgha.
 11863 | D:10     | Noticed a death yak
 11865 | D:10     | Noticed a death yak
 12020 | D:10     | Killed a death yak
 12145 | D:10     | Noticed a cyclops
 12155 | D:10     | Noticed a death yak
 12156 | D:10     | Killed a cyclops
 12157 | D:10     | Reached skill level 14 in Axes
 12320 | D:10     | Killed a death yak
 12329 | D:10     | Killed a death yak
 12465 | D:10     | Found a staircase to the Lair.
 12482 | D:10     | Reached ** piety under Beogh
 12793 | D:10     | Noticed Maurice
 12838 | D:10     | Killed Maurice
 12912 | D:10     | Reached skill level 10 in Shields
 13293 | D:10     | Found a sacrificial altar of Ru.
 13295 | D:10     | Found a shadowy altar of Dithmenos.
 13395 | D:10     | Noticed Sonja
 13758 | D:10     | Killed Sonja
 13759 | D:10     | Reached skill level 15 in Axes
 13953 | D:10     | Noticed a two-headed ogre
 13963 | D:10     | Killed a two-headed ogre
 13964 | D:10     | Reached XP level 12. HP: 92/110 MP: 13/15
 14399 | D:11     | Noticed a boulder beetle
 14422 | D:11     | Killed a boulder beetle
 14514 | D:11     | Found a portal to a secret trove of treasure.
 15010 | Lair:1   | Entered Level 1 of the Lair of Beasts
 15055 | Lair:1   | Reached skill level 5 in Invocations
 15082 | Lair:1   | Found a dark tunnel.
 15091 | Volcano  | Entered a volcano
 15695 | Volcano  | Reached skill level 16 in Axes
 15721 | Volcano  | HP: 3/111 [efreet/bolt of fire (8)]
 16295 | Lair:1   | Noticed a seven-headed hydra
 16305 | Lair:1   | Killed a seven-headed hydra
 16891 | Lair:2   | Noticed a four-headed hydra
 16904 | Lair:2   | Killed a six-headed hydra
 17124 | Lair:2   | Found a shimmering altar of Xom.
 17615 | Lair:2   | Reached skill level 5 in Throwing
 17622 | Lair:2   | Reached XP level 13. HP: 95/119 MP: 18/18
 18181 | Lair:3   | Noticed Fannar
 18253 | Lair:3   | Killed Fannar
 19717 | Lair:3   | HP: 5/122 [seven-headed hydra (11)]
 19730 | Lair:3   | HP: 4/122 [merfolk (10)]
 19738 | Lair:3   | Reached *** piety under Beogh
 20120 | Lair:3   | Found a staircase to the Shoals.
 20554 | Lair:2   | HP: 2/122 [seven-headed hydra (9)]
 21198 | Lair:3   | Reached skill level 1 in Evocations
 21557 | Lair:4   | You fall into a shaft and drop 2 floors!
 21557 | Lair:6   | Entered Level 6 of the Lair of Beasts
 21974 | Lair:5   | You fall into a shaft and drop 1 floor!
 22200 | Lair:5   | Reached XP level 14. HP: 88/130 MP: 16/20
 22721 | Lair:4   | Found a runed translucent door.
 22790 | Lair:4   | Reached **** piety under Beogh
 22944 | Lair:4   | Noticed Kirke
 23152 | Lair:4   | Gained Orik as an ally
 23153 | Lair:4   | Killed Kirke
 23180 | Lair:4   | Gained Urtork as an ally
 23570 | Lair:4   | Found a staircase to the Snake Pit.
 23862 | Lair:4   | Noticed TheGamechu's ghost (journeyman TrFi)
 23881 | Lair:4   | Killed TheGamechu's ghost
 24314 | Lair:5   | Found a viscous altar of Jiyva.
 24315 | Lair:5   | Found a staircase to the Slime Pits.
 25073 | Lair:6   | Reached skill level 5 in Evocations
 25263 | Lair:6   | Reached ***** piety under Beogh
 25289 | Lair:6   | Gained Warrok as an ally
 25665 | Lair:6   | Your ally Orik died
 25689 | Lair:6   | Gained Worak as an ally
 25924 | Lair:6   | Found a corrupted altar of Lugonu.
 25924 | Lair:6   | Found a one-way gate to the infinite horrors of the Abyss.
 26801 | D:12     | lair
 27120 | D:12     | Noticed Urug
 27128 | D:12     | Killed Urug
 27214 | D:12     | Noticed Snorg
 27218 | D:12     | Killed Snorg
 27342 | D:12     | Found Lifeb's Antique Armour Emporium.
 27355 | D:12     | Noticed Psyche
 27360 | D:12     | Killed Psyche
 27618 | D:12     | Reached skill level 15 in Fighting
 27618 | D:12     | Reached XP level 15. HP: 109/141 MP: 15/21
 27644 | D:12     | Your ally Worak died
 28422 | Orc:1    | Entered Level 1 of the Orcish Mines
 28770 | Orc:1    | Found Jicyca's Distillery.
 28775 | Orc:1    | Bought 2 potions of experience for 1100 gold pieces
 28953 | Orc:2    | Entered Level 2 of the Orcish Mines
 28980 | Orc:1    | Noticed an orc warlord
 28980 | Orc:1    | Found a frozen archway.
 28985 | Orc:1    | Gained Murdo as an ally
 28989 | Orc:1    | Gained Bogmar as an ally
 28993 | Orc:1    | Killed an orc warlord
 28998 | Orc:1    | Your ally Bogmar died
 29010 | IceCv    | Entered an ice cave
 29308 | IceCv    | Gained Margrim as an ally
 29488 | IceCv    | Noticed a frost giant
 29517 | IceCv    | Your ally Margrim died
 30176 | Snake:1  | Entered Level 1 of the Snake Pit
 30239 | Snake:1  | Your ally Murdo died
 30273 | Snake:1  | HP: 3/141 [asphyx]
 30274 | Snake:1  | Reached XP level 16. HP: 2/150 MP: 1/22
 30275 | Snake:1  | Mangled by a naga warrior

Illustrated notes

#......# #......#
).....# .....# ....#
...# ##.# . ##.@# .#
#..## #####'###
####'###### #.......#
#.........### #.......#
#.........'.###.......+
#.........#..##.......#
#.........##..'.......#
#.........#####>......#
#......>..# #.......#


Turn 26801 on D:12: lair

Levels and vault maps discovered:
D:1:      dpeg_arrival_round_c, layout_loops_corners
D:2:      layout_basic, ebering_ecumenical_altar_mist
D:3:      layout_basic, nemelex_xobeh_ov_fountains_minmay,
          nicolae_qazlal_general_emergency, serial_shops, shop,
          minmay_door_square
D:4:      layout_basic, mainiacjoe_overflow_small_starburst, lemuel_round_altar,
          serial_shops, nicolae_diamond_shop, minmay_misc_feat_diagonals,
          minmay_fountain_box, hangedman_decor_push, hex_large, st_stairs_7,
          minivault_25
D:5:      layout_basic, nzn_wu_jian_contemplation, trog_butcher_becter,
          minmay_temple_entry_statues_pillars, gup_sewer_entry_bubbles,
          chequers_serial_rivers_small_3, st_stairs_13, sigmund_edmund_badplayer
D:6:      minmay_chambers_of_threes, layout_loops_cross
D:7:      layout_loops_ring, serial_shops, nicolae_shop_window_shopping,
          st_stairs_5
D:8:      layout_basic, nicolae_elemental_shop
D:9:      layout_roguey, mainiacjoe_overflow_surrounded_room, lemuel_tele_altar
D:10:     layout_long_grid, grunt_temple_overflow_diamond,
          gammafunk_temple_overflow_pools, dpeg_lair_monsters, uniq_sonja,
          uniq_maurice
D:11:     layout_cave_pods, enter_trove_1
D:12:     layout_roguey, david_orc_3, serial_shops, nicolae_shop_behind_doors,
          nicolae_underground_beach, uniq_psyche, uniq_urug, uniq_snorg
Temple:   compressed_dpeg_triangle_lava_temple
Lair:1:   layout_big_grid, nicolae_volcano_entry_two_sided, grunt_megastairs_4
Lair:2:   layout_cave_pods, basic_altar
Lair:3:   layout_hall_layers, elwin_shoals_entry_rooms,
          grunt_forest_large_clearings, uniq_fannar
Lair:4:   layout_gridlike, minmay_snake_entry_six_corridors,
          ebering_ghost_reflecting_pool, uniq_kirke
Lair:5:   layout_regular_city, slime_altar_1
Lair:6:   hellmonk_lair_end_abyssal_woods, layout_regular_city,
          kennysheep_rathole, grunt_megastairs_1, serial_bayou_shore_b
Snake:1:  layout_honeycomb, nicolae_snake_snakes_in_the_grass,
          grunt_megastairs_2, minmay_shoptagon, uniq_aizul
Orc:1:    layout_caves, portal_ice_cave_entry_imps, serial_shops, shop_statue,
          gammafunk_ghost_split
Orc:2:    st_orc_ogre_mass, layout_diamond_mine, gammafunk_ghost_grave,
          minmay_orc_temple_a, uniq_donald, uniq_josephine, uniq_azrael

Skill      XL: |  1  2  3  4  5  6  7  8  9 10 11 12 13 14 15 |
---------------+----------------------------------------------+-----
Axes           | 3 4 5 6 9 11 13 15 16 | 16.3
Fighting       | 4 5 6 7 8 10 11 12 13 15 | 15.6
Armour         | 4 5 6 7 |  7.9
Shields        | 4 5 6 8 9 10 11 12 13 14 | 14.6
Invocations    | 1 4 7 8 |  8.0
Throwing       | 2 3 5 7 9 |  9.9
Evocations     | 3 6 |  6.0

Action                   |  1- 3 |  4- 6 |  7- 9 | 10-12 | 13-15 | 16-18 || total
-------------------------+-------+-------+-------+-------+-------+-------++-------
Melee: War axe           |   103 |   127 |   247 |   402 |   747 |       ||  1626
       Morningstar       |       |       |       |       |    48 |       ||    48
       Broad axe         |       |       |       |       |    25 |       ||    25
Throw: Stone             |    12 |       |       |       |       |       ||    12
       Dart              |       |       |    20 |    43 |       |       ||    63
       Boomerang         |       |       |       |    12 |    11 |       ||    23
       Javelin           |       |       |       |       |     9 |       ||     9
Invok: Convert to Beogh  |       |       |     1 |       |       |       ||     1
       Smiting           |       |       |       |    10 |     7 |       ||    17
Evoke: Wand              |       |       |       |     7 |    12 |       ||    19
  Use: Scroll            |     1 |    10 |     9 |     5 |    24 |     1 ||    50
       Potion            |       |       |     3 |     6 |    12 |       ||    21
 Stab: Distracted        |       |       |       |     3 |    18 |       ||    21
       Paralysed         |       |       |       |     2 |       |       ||     2
Armor: Scale mail        |    61 |    72 |    13 |       |       |       ||   146
       Plate armour      |       |       |   126 |   145 |   418 |       ||   689
Dodge: Dodged            |    39 |    56 |    54 |    73 |   158 |       ||   380
Block: Kite shield       |    57 |    85 |   174 |   232 |   541 |       ||  1089
       Tower shield      |       |       |       |       |    96 |     2 ||    98
